Map: Orbital Shipyard

Players

MorN

  • Race: Terran Terran
  • League: Master

FoxeR - Winner!

  • Race: Terran Terran
  • League: Master

VOD

Have the link to the VOD?

Description

Time

  • Played on: Jan. 18, 2016, 9:11 p.m.
  • Length: 11:55
Show
View Real Time Build Order
Export as new Build Order

MorN Terran 

Build Orders: MMM Bio 

Get SALT Encoding   

  12  0:01  SCV  
  13  0:13  SCV  
  14  0:19  Supply Depot  
  14  0:25  SCV  
  15  0:40  SCV  
  15  0:42  Barracks  
  16  0:45  Refinery  
  16  0:52  SCV  
  17  1:04  SCV  
  18  1:18  SCV  
  19  1:30  Orbital Command  
  19  1:31  Barracks Reactor  
  19  1:44  Command Center  
  18  1:58  SCV  
  19  2:03  Supply Depot  
  19  2:08  Factory  
  19  2:09  Marine  
  19  2:11  Marine  
  21  2:17  SCV  
  22  2:27  Refinery, Marine  
  22  2:29  Marine  
  24  2:34  SCV  
  25  2:45  Marine  
  25  2:46  SCV, Marine  
  28  2:53  Factory Tech Lab, Starport  
  28  2:58  SCV  
  29  3:01  Orbital Command  
  29  3:05  Marine  
  30  3:09  Marine  
  31  3:23  SCV  
  35  3:27  Supply Depot  
  35  3:31  Siege Tank  
  35  3:32  Viking  
  37  3:38  SCV  
  38  3:43  SCV  
  38  3:44  Marine x2  
  41  3:56  SCV  
  41  4:02  SCV  
  43  4:06  Starport Reactor  
  43  4:10  Barracks  
  41  4:19  Barracks Tech Lab  
  41  4:20  SCV  
  41  4:23  Siege Tank  
  41  4:24  SCV  
  46  4:25  Barracks  
  46  4:32  SCV  
  46  4:38  Stimpack  
  47  4:39  SCV  
  47  4:43  Supply Depot  
  47  4:44  SCV  
  49  4:47  Marine  
  49  4:51  SCV  
  51  4:55  Starport Reactor  
  51  4:56  SCV  
  51  4:59  Refinery  
  52  5:03  SCV  
  52  5:07  Refinery  
  53  5:08  SCV  
  53  5:10  Supply Depot  
  53  5:12  Engineering Bay  
  54  5:15  SCV, Engineering Bay  
  54  5:16  Marine x4  
  54  5:20  SCV  
  60  5:27  Supply Depot  
  60  5:28  SCV  
  62  5:32  SCV  
  62  5:34  Marine  
  62  5:35  Medivac x2  
  67  5:37  Marine  
  67  5:40  SCV  
  67  5:41  Terran Infantry Weapons Level 1  
  69  5:44  Terran Infantry Armor Level 1  
  69  5:45  SCV  
  70  5:52  SCV, Marine  
  70  5:53  Siege Tank, Marine x2  
  70  5:56  Marine  
  78  6:17  Supply Depot  
  78  6:19  Supply Depot  
  78  6:25  Command Center  
  78  6:27  SCV  
  78  6:29  SCV  
  78  6:30  Marine  
  78  6:33  Marine  
  78  6:36  Marine x2  
  78  6:39  SCV  
  78  6:41  SCV  
  78  6:44  Marine  
  78  6:45  Combat Shields  
  78  6:46  Medivac x2  
  83  6:47  Marine  
  83  6:51  SCV, Marine  
  86  7:03  Marine  
  85  7:11  Marine x4  
  85  7:12  Siege Tank  
  86  7:18  Supply Depot  
  86  7:21  Armory  
  86  7:26  Supply Depot  
  86  7:28  SCV x2, Marine x2  
  86  7:29  Marine  
  85  7:39  Marine  
  85  7:40  SCV x2  
  78  7:44  Siege Tank  
  71  7:56  Marine x3  
  73  8:02  Marine  
  73  8:03  Marine  
  75  8:06  SCV  
  75  8:10  Medivac  
  78  8:13  Marine x2  
  78  8:14  Marine  
  78  8:16  Siege Tank  
  84  8:20  Marine  
  84  8:21  Marine  
  83  8:31  Marine x3, Medivac  
  82  8:38  Marine  
  82  8:40  Medivac  
  85  8:43  Marine  
  86  8:49  Siege Tank, Marine  
  86  8:54  Armory  
  90  8:59  Command Center  
  90  9:01  Marine x2  
  92  9:10  Marine x3  
  95  9:27  Supply Depot  
  95  9:30  Barracks, Marine x3  
  98  9:33  SCV  
  98  9:36  Barracks, Marine  
  98  9:37  Supply Depot, Marine  
  101  9:41  Medivac  
  103  9:57  Marine x2  
  103  9:58  Marauder  
  107  10:05  Marine x2  
  109  10:15  Marine x2  
  109  10:19  Marine  
  75  10:31  Marine x2  
  75  10:33  Marine x2  
  78  10:37  Marauder  
  80  10:44  Barracks Reactor x2, SCV  
  80  10:45  Orbital Command  
  80  10:46  SCV  
  80  10:49  Marine x2  
  82  10:51  Marine x2  
  84  10:58  SCV, Marine  
  86  11:06  Marine x2  
  86  11:09  Marine x2  
  81  11:16  Marine  
  72  11:19  Marine  
  72  11:20  Marine  
  72  11:24  Marine x2  
  72  11:25  Marine x2  
  74  11:31  Marine x2  
  76  11:34  Marine  
Show
View Real Time Build Order
Export as new Build Order

FoxeR Terran - Winner!

Build Orders: 1/1/1, Cyclone Opening, MMM Bio 

Get SALT Encoding   

  12  0:01  SCV  
  13  0:13  SCV  
  14  0:18  Supply Depot  
  14  0:25  SCV  
  14  0:28  Refinery  
  15  0:39  SCV  
  16  0:44  Barracks  
  16  0:51  SCV  
  17  1:03  SCV  
  18  1:11  Refinery  
  18  1:16  SCV  
  19  1:28  SCV  
  21  1:33  Marine  
  21  1:40  Factory, Orbital Command  
  21  1:52  Marine  
  21  2:05  SCV  
  21  2:07  Supply Depot  
  22  2:13  Marine  
  23  2:27  Factory Tech Lab  
  23  2:28  SCV, Starport  
  24  2:32  Marine  
  25  2:40  SCV  
  26  2:46  Cyclone  
  26  2:51  Supply Depot, Marine  
  30  2:52  SCV  
  31  3:09  Engineering Bay  
  31  3:12  Medivac, Marine  
  31  3:13  SCV  
  35  3:31  Command Center  
  35  3:34  Supply Depot  
  35  3:46  SCV  
  36  3:50  Missile Turret, Marine  
  36  3:52  Stimpack, Factory Reactor  
  37  3:58  SCV  
  35  4:19  SCV  
  35  4:20  Marine  
  34  4:30  Barracks x2  
  34  4:31  Barracks  
  34  4:35  SCV  
  35  4:39  Factory Reactor, Marine  
  35  4:42  Terran Infantry Weapons Level 1  
  36  4:51  Orbital Command  
  36  4:53  SCV  
  36  4:58  Marine  
  38  5:05  SCV  
  39  5:16  Marine, Starport Reactor  
  39  5:17  SCV  
  41  5:22  Barracks Reactor, SCV  
  41  5:25  Missile Turret  
  41  5:27  Factory Tech Lab  
  42  5:29  SCV  
  42  5:31  Supply Depot  
  42  5:33  Marine x2  
  42  5:34  SCV, Marine x2  
  48  5:38  Marine  
  48  5:41  SCV  
  50  5:47  Barracks  
  50  5:49  SCV  
  51  5:51  Marine x3  
  51  5:53  SCV, Marine  
  51  5:55  Combat Shields  
  51  5:56  Marine  
  57  6:00  Siege Tank  
  60  6:06  SCV  
  60  6:07  Medivac  
  60  6:08  Medivac  
  60  6:10  Marine  
  66  6:12  Marine x2  
  66  6:15  Marine x2  
  70  6:20  Supply Depot  
  70  6:21  Supply Depot  
  70  6:40  Marine  
  70  6:41  Marine x5  
  70  6:43  Marine  
  70  6:45  Barracks Reactor  
  76  6:50  Refinery  
  76  6:51  Siege Tank  
  76  6:52  Supply Depot x2  
  79  6:58  Medivac, Marine  
  79  6:59  Marine x4  
  81  7:09  Marine  
  81  7:11  SCV x2  
  82  7:18  Marine  
  82  7:19  Marine  
  82  7:21  Marine x2  
  82  7:22  Medivac  
  88  7:23  SCV x2  
  88  7:27  Marine x2  
  92  7:32  Marine  
  92  7:36  Marine  
  86  7:40  Terran Infantry Armor Level 1  
  86  7:46  Marine x2  
  86  7:50  Marine x2  
  80  7:51  Marine x3  
  80  7:52  Marine  
  80  7:54  Marine  
  85  7:59  Supply Depot  
  85  8:04  Marine x2  
  86  8:08  Marine x2  
  86  8:09  Marine x3  
  86  8:10  Marine  
  86  8:12  Marine  
  91  8:25  Marine  
  88  8:32  Marine  
  88  8:34  Marine x2  
  87  8:37  Marine x2  
  87  8:38  Medivac  
  92  8:42  Marine  
  92  8:43  Marine  
  94  8:53  Marine  
  95  8:57  SCV x2  
  95  8:59  Supply Depot, Medivac  
  99  9:03  Marine x2  
  99  9:04  Marine x2  
  99  9:05  Marine  
  104  9:15  Siege Tank  
  104  9:16  Marine x2  
  109  9:17  Marine  
  109  9:20  Marine  
  109  9:22  Marine x3  
  114  9:25  Marine x2  
  114  9:26  Medivac  
  118  9:31  Supply Depot  
  118  9:33  Supply Depot  
  118  9:47  Marine x2  
  118  9:52  Marine x7  
  125  10:05  Marine x2  
  127  10:10  Marine x2  
  127  10:12  Marine  
  86  10:33  Marine x3  
  86  10:34  Marine x2  
  88  10:35  Marine x2  
  88  10:36  Siege Tank, Marine  
  88  10:39  SCV x2  
  88  10:40  Marine  
  97  10:49  Medivac  
  99  10:50  Marine, Medivac  
  99  10:51  Marine x3  
  99  10:52  Marine  
  99  10:53  Marine  
  99  10:55  Marine  
  108  11:08  Siege Tank  
  103  11:19  Medivac  
  103  11:24  Marine  
  103  11:25  Marine  
  106  11:29  Marine x2  
  106  11:32  Marine  
  109  11:34  Marine  
Tags
 
Add a new tag
Caveats
  • Supply blocks, unpowered buildings, or Contaminate may cause inaccurate times.
  • Supply counts are checked every 10 seconds.